 Dungeon Crawl Stone Soup version 0.30-a0-802-gb92711bcdf (webtiles) character file.

Game seed: 1976618534061585994

37 bande the Shield-Bearer (level 3, -5/24 HPs)
             Began as a Gargoyle Fighter on Feb 23, 2023.
             Killed from afar by Sigmund (7 damage)
             ... with a magic dart
             ... on level 2 of the Dungeon.
             The game lasted 00:01:22 (904 turns).

bande the Shield-Bearer (Gargoyle Fighter)           Turns: 904, Time: 00:01:22

Health: -5/24      AC: 10    Str: 19    XL:     3   Next: 41%
Magic:  3/3        EV:  9    Int:  8    God:
Gold:   52         SH:  4    Dex: 11    Spells: 2/2 levels left

rFire   . . .      SeeInvis .    a - +0 war axe
rCold   . . .      Faith    .    c - +0 buckler
rNeg    + . .      Spirit   .    b - +0 scale mail
rPois   ∞          Reflect  .    (no helmet)
rElec   +          Harm     .    (no cloak)
rCorr   .          Rampage  .    (no gloves)
Will    .....                    (no boots) Stlth
                                 (no amulet)
HPRegen 0.24/turn                (no ring)
MPRegen 0.08/turn                (no ring)

@: invisible
A: sickness immunity, AC +3, negative energy resistance 1, electricity
resistance, torment resistance 1, petrification resistance
a: no special abilities


You were on level 2 of the Dungeon.
You visited 1 branch of the dungeon, and saw 2 of its levels.

You collected 52 gold pieces.

Inventory:

Hand Weapons
 a - a +0 war axe (weapon)
Armour
 b - a +0 scale mail (worn)
 c - a +0 buckler (worn)
Jewellery
 e - a +6 ring of strength
Scrolls
 f - 2 scrolls of magic mapping {unknown}
 j - 2 scrolls of brand weapon {unknown}
Potions
 d - a potion of might
 h - a potion of curing {unknown}
 i - a potion of berserk rage {unknown}


   Skills:
 + Level 3.7 Fighting
 + Level 2.2 Axes
 + Level 3.7 Armour
 + Level 3.7 Shields


You had 2 spell levels left.
You didn't know any spells.
Your spell library was empty.

Dungeon Overview and Level Annotations

Branches:
Dungeon (2/15)

Altars:

Annotations:
D:2 Sigmund


Innate Abilities, Weirdness & Mutations

You are immune to sickness and miasma.
Your stone body is resilient. (AC +3)
You are immune to poison.
You resist negative energy. (rN+)
You are resistant to electric shocks. (rElec)
You are resistant to unholy torment.
You are immune to petrification.


Message History

You barely miss Sigmund.
Sigmund is moderately wounded.
Sigmund gestures at you while chanting.
You are confused.
Sigmund closely misses you.
You are too confused!
You are too confused!
You are too confused!
You are too confused!
You are too confused!
You are too confused!
You are too confused!
You are too confused!
You are too confused!
You are too confused!
You are too confused!
You are too confused!
You are too confused!
Sigmund hits you with a +0 scythe.
You see here a rat corpse.
You bump into the rock wall.
Sigmund barely misses you.
You bump into the rock wall.
Sigmund casts a spell at you. The puff of flame hits you.
Sigmund gestures at you while chanting. You resist with significant effort.
Sigmund barely misses you.
Sigmund says, "Look into my eyes."
Sigmund hits you with a +0 scythe.
* * * LOW HITPOINT WARNING * * *
Sigmund attacks as you move away! Sigmund barely misses you.
You feel less confused. Sigmund barely misses you.
Sigmund hits you from afar with a +0 scythe.
* * * LOW HITPOINT WARNING * * *
It was a potion of invisibility.
You fade into invisibility!
Sigmund points at you and mumbles some strange words.
The magic dart hits you!
You die...

#......# ####'###
#......#### #.###
####+##.†.# #...##
#...## ###..##
+....######..# ######
#.......# ##.##
#....# ####.@?.# #..#
#....#
#....#####.###....#
#...@+......).....###
##...####.###........
#####...............
#.###.##.#...(.. #
#.##.###....
#.##........
#.##.#.#...#
#.##.#...<.#
#.##.###.#..


You could see Sigmund (fast, unable to see you).

Vanquished Creatures
  5 bats
  An endoplasm (D:2)
  3 giant cockroaches (D:1)
  4 goblins
  A hobgoblin (D:1)
  9 jackals (D:1)
  A kobold (D:1)
  A quokka (D:1)
  A ball python (D:1)
  2 frilled lizards (D:1)
  2 rats
30 creatures vanquished.

Notes
Turn   | Place    | Note
-------+----------+-------------------------------------------
     0 | D:1      | bande the Gargoyle Fighter began the quest for the Orb.
     0 | D:1      | Reached XP level 1. HP: 14/14 MP: 1/1
    75 | D:1      | Reached XP level 2. HP: 18/19 MP: 2/2
   292 | D:1      | Reached XP level 3. HP: 23/23 MP: 3/3
   645 | D:2      | Found a faded altar of an unknown god.
   887 | D:2      | Noticed Sigmund
   904 | D:2      | Killed from afar by Sigmund

Illustrated notes

Levels and vault maps discovered:
D:1:      dpeg_arrival_connections, layout_loops_ring, amcnicky_mini_pool_small
D:2:      minmay_roachtagon, layout_basic, serial_glass, glass_columns_c,
          glass_columns_a, nicolae_ecumenical_oubliette, uniq_sigmund,
          uniq_robin

Skill      XL: |  1  2 |
---------------+-------+-----
Axes           | 2 |  2.2
Fighting       | |  3.7
Armour         | |  3.7
Shields        | |  3.7

Action                     || total
---------------------------++-------
  Melee: War axe           ||    65
    Use: Potion            ||     1
 Armour: Scale mail        ||    42
  Dodge: Dodged            ||    39
  Block: Buckler           ||    11

Table legend: (Time is in decaauts)
 A = Elapsed time spent in this place.
 B = Non-inter-level travel time spent in this place.
 C = Inter-level travel time spent in this place.
 D = Time resting spent in this place.
 E = Time spent auto-exploring this place.
 F = Levels seen in this place.
 G = Mean time per level.
                   A        B        C        D        E       F      G
               +--------+--------+--------+--------+--------+-----+--------+
         Total |    933 |    873 |     60 |      0 |    667 |   2 |  466.5 |
       Dungeon |    933 |    873 |     60 |      0 |    667 |   2 |  466.5 |
               +--------+--------+--------+--------+--------+-----+--------+

Top non-repeatable levels by time:
     D:1: 703 daAuts
     D:2: 230 daAuts
